 Dungeon Crawl Stone Soup version 0.21.1-1-g345015f (webtiles) character file.

103 inc the Cudgeler (level 4, -1/35 HPs)
             Began as a Demonspawn Monk on June 9, 2018.
             Slain by a wight
             ... wielding a cursed +1 falchion
              (4 damage)
             ... on level 1 of the Dungeon.
             The game lasted 00:02:49 (1458 turns).

inc the Cudgeler (Demonspawn Monk)                  Turns: 1458, Time: 00:02:50

Health: -1/35      AC:  7    Str: 11    XL:     4   Next: 51%
Magic:  0/4        EV:  9    Int: 12    God:
Gold:   64         SH:  0    Dex: 16    Spells: 3/3 levels left

rFire    . . .     SeeInvis .   a - +0 mace
rCold    . . .     Gourm    .   (no shield)
rNeg     . . .     Faith    .   i - +0 scale mail
rPois    .         Spirit   +   (no helmet)
rElec    .         Reflect  .   (no cloak)
rCorr    .         Harm     .   (no gloves)
MR       .....                  n - +0 pair of boots (curse)
Stlth    ..........             (no amulet)
HPRegen  0.11/turn              (no ring)
MPRegen  0.09/turn              (no ring)

@: drained
A: talons 1, magic shield
a: no special abilities


You were on level 1 of the Dungeon.
You were not hungry.

You visited 1 branch of the dungeon, and saw 2 of its levels.

You collected 64 gold pieces.

Inventory:

Hand Weapons
 a - a +0 mace (weapon)
Armour
 b - a +0 robe
 f - a +0 leather armour of magic resistance
 i - a +0 scale mail (worn)
 n - a cursed +0 pair of boots (worn)
Jewellery
 p - a cursed -2 ring of protection {unknown}
Scrolls
 e - a scroll of random uselessness {unknown}
 h - 2 scrolls of immolation {unknown}
 j - a scroll of teleportation {unknown}
 l - a scroll of remove curse {unknown}
 m - a scroll of identify {unknown}
Potions
 d - a potion of degeneration {unknown}
 g - 3 potions of heal wounds
 k - a potion of curing {unknown}
Comestibles
 c - 4 rations


   Skills:
 - Level 3.0(1.9) Fighting
 + Level 4.4(3.3) Maces & Flails
 - Level 3.3(2.3) Dodging
 - Level 1.7(0.7) Stealth


You had 3 spell levels left.
You didn't know any spells.

Dungeon Overview and Level Annotations

Branches:
Dungeon (2/15)

Altars:

Annotations:
D:2 Terence


Innate Abilities, Weirdness & Mutations

You have sharp toenails.
When hurt, damage is shared between your health and your magic reserves.


Message History

You feel drained. The wight hits you but does no damage.
You barely miss the wight.
The wight is moderately damaged.
The wight hits you with an enchanted falchion.
You feel drained.
The wight hits you with an enchanted hand axe!
* * * LOW HITPOINT WARNING * * *
You barely miss the wight.
The wight is moderately damaged.
The wight hits you but does no damage.
The wight hits you with an enchanted hand axe.
* * * LOW HITPOINT WARNING * * *
You feel drained.
You hit the wight.
The wight is heavily damaged.
The wight closely misses you.
The wight hits you with an enchanted hand axe.
* * * LOW HITPOINT WARNING * * *
The wight hits you with an enchanted falchion.
You die...

#...........≈≈
##########
#...........≈≈
#........#
#...........≈≈
#........#
#...........##
#........#
#..........##
#........# ##........##
#........#
##........####
#........#
#.............
#.......@#
#..........###
#......zz###..........#
####..................#
#.÷................#
#.>...............##
#........##......##
#........##..#####
#.........#......#
#######..........#####


You could see 2 wights.

Vanquished Creatures
  A wight (D:2)
  3 adders
  3 leopard geckos
  A bat (D:1)
  3 giant cockroaches (D:1)
  6 hobgoblins
  2 jackals (D:1)
  4 kobolds
  2 frilled lizards (D:1)
  5 goblins
  4 rats
34 creatures vanquished.

Notes
Turn   | Place    | Note
-------+----------+-------------------------------------------
     0 | D:1      | inc the Demonspawn Monk began the quest for the Orb.
     0 | D:1      | Reached XP level 1. HP: 18/18 MP: 1/1
    99 | D:1      | Gained mutation: You have sharp toenails. [demonic ancestry]
    99 | D:1      | Reached XP level 2. HP: 15/24 MP: 2/2
   652 | D:2      | Noticed Terence
   681 | D:2      | Reached skill level 3 in Maces & Flails
   692 | D:2      | Gained mutation: When hurt, damage is shared between your health and your magic reserves. [demonic ancestry]
   692 | D:2      | Reached XP level 3. HP: 26/29 MP: 3/3
  1231 | D:2      | Reached skill level 4 in Maces & Flails
  1231 | D:2      | Reached XP level 4. HP: 14/35 MP: 1/4
  1458 | D:1      | Slain by a wight

Skill      XL: |  1  2  3 |
---------------+----------+-----
Dodging        | 3 |  3.3
Maces & Flails | 3 4 |  4.4
Fighting       | |  3.0
Stealth        | |  1.7

Action                   |  1- 3 |  4- 6 || total
-------------------------+-------+-------++-------
Melee: Mace              |   122 |    12 ||   134
       Kick              |     3 |       ||     3
  Use: Potion            |     2 |       ||     2
 Stab: Sleeping          |     3 |       ||     3
  Eat: Chunk             |     1 |     1 ||     2
Armor: Robe              |     5 |       ||     5
       Scale mail        |    73 |     7 ||    80
       Leather armour    |     3 |       ||     3
Dodge: Dodged            |   130 |    12 ||   142
